Unix NetHack Version 5.0.0-0 post-release - last build May 17 2026 04:57:42 (dc50c8380fa5e20985bfe3072449f57b8d9895ef,branch:main).

Game began 2026-05-19 23:21:41, ended 2026-05-19 23:47:49.

ArrBianca, lawful female human Monk

                 ----------------                                    ---
                 |.....^........------                            --.|.-
   ---           |..--####-----.....<-------                      |.....
   -...          |....|       ------.......|                      --...|
   ....-         --[.--            -------.| ----       ------------...|
    ...--         |.--                   |.| |..-     ---.|.|.--.......|
     ....|.--------.----                 |.---..)|    |...........--------
     .>........... |...@                 |..%.|..|    |..............--..--
     .......---...-.-- .                 --#-.|..------.*......^..........|
              --. ..                        |...^...........).............|
                ....                        --...--##----.....|.|.........--
                 -..                         -----      |.....|.|-........)|
                  ..                                    |^......|.-....[...|
                  ..                                    --.-------....---.*|
                    .----                                ---    |....-  --.---
                    ....--                                      ---.--   |*..|
                    ......-                                       ---    |...|
                       .....                                             |..--
                        --.-                                             |..
                         ---                                             ---

ArrBianca the Initiate          St:18 Dx:15 Co:13 In:10 Wi:15 Ch:8  Lawful
Dlvl:6  $:61 HP:0(41) Pw:4(35) AC:6  Xp:6 T:2216  Blind

Latest messages:
 Talk to whom? (in what direction) j
 Wait!  There's something there you can't see!
 You hear a nearby zap.
 You hit it.
 You hear a nearby zap.
 You attack thin air.
 Talk to whom? (in what direction) j
 Something is engraved here on the headstone.
 You feel the words: "spody, killed by a raven, while frozen by a potion".
 Talk to whom? (in what direction) l
 You hit it.
 You feel something be knocked backward!
 You attack thin air.
 It hits!
 It bites!
 You hit it.
 You feel something be knocked backward!
 You attack thin air.
 It hits!
 In what direction? .
 You feel better.
 In what direction? .
 You feel better.
 You are beginning to feel weak.
 Wait!  There's something there you can't see!
 You hit it.
 You hit it.
 You kill it!
 It hits!
 o - a small glob of gray ooze.
 What do you want to eat? [fhinoK or ?*] ?
 This food really hits the spot!
 It hits!
 You stop eating the food ration.
 You hit it.
 You hit it.
 It hits!
 You hear some noises in the distance.
 In what direction? .
 You feel better.
 It bites!
 You hit it.
 It hits!
 You hit it.
 You don't have enough energy to cast that spell.
 It hits!
 You die...
 Do you want your possessions identified? [ynq] (y) y
 Do you want to see your attributes? [ynq] (y) y
 Do you want an account of creatures vanquished? [ynaq] (y) q

Inventory:
 Coins    ('$')
  $ - 61 gold pieces
 Armor    ('[')
  a - an uncursed thoroughly rotted +2 pair of leather gloves (being worn)
  b - an uncursed burnt rotted +1 robe (being worn)
 Comestibles  ('%')
  f - 3 uncursed food rations
  p - an uncursed partly eaten food ration
  K - an uncursed partly eaten food ration
  i - 3 uncursed fortune cookies
  h - 7 uncursed oranges
  n - an uncursed lizard corpse
  o - an uncursed small glob of gray ooze
 Scrolls  ('?')
  U - a cursed scroll of confuse monster
  T - 3 uncursed scrolls of identify
  O - a cursed scroll of light
  Q - 2 cursed scrolls of punishment
  c - an uncursed scroll of taming
  N - a cursed scroll of teleportation
 Spellbooks  ('+')
  P - a cursed spellbook of detect monsters
  S - a cursed spellbook of force bolt
  j - a blessed spellbook of healing
  R - an uncursed spellbook of slow monster
 Potions  ('!')
  W - a cursed potion of blindness
  d - a blessed potion of healing
  e - 4 uncursed potions of healing
  V - 2 potions of unholy water
 Rings    ('=')
  X - a cursed ring of fire resistance
  Y - a cursed ring of shock resistance
 Wands    ('/')
  Z - a wand of probing (0:6)
 Tools    ('(')
  k - a cursed lock pick
  M - a cursed +0 pick-axe (weapon in right hand)
  m - a cursed tin opener
  g - a cursed tin whistle

ArrBianca the Monk's attributes:

Background:
 You were an Initiate, a level 6 female human Monk.
 You were lawful, on a mission for Shan Lai Ching
 who was opposed by Chih Sung-tzu (neutral) and Huan Ti (chaotic).
 You were right-handed.
 You were in the Gnomish Mines, on level 6.
 You entered the dungeon 2216 turns ago.
 It was nighttime.
 There was a new moon in effect when your adventure ended.
 You had 510 experience points, 130 more were needed to attain level 7.

Basics:
 You had 0 out of 41 hit points.
 You had 4 out of 35 energy points (spell power).
 Your armor class was 6.
 Your wallet contained 61 zorkmids.
 Autopickup was on for '$?!/="+%' plus thrown, with exceptions.

Final Characteristics:
 Your strength was 18 (peak:18/01, limit:18/100).
 Your dexterity was 15 (limit:18).
 Your constitution was 13 (limit:18).
 Your intelligence was 10 (limit:18).
 Your wisdom was 15 (limit:18).
 Your charisma was 8 (limit:18).

Final Status:
 You were temporarily blind.
 You weren't hungry.
 You were unencumbered.
 You were wielding a pick-axe.
 You had no skill with pick-axe.

Final Attributes:
 You were piously aligned.
 You were sleep resistant.
 You were poison resistant.
 You would have seen invisible when not blind.
 You were stealthy.
 You were guarded.
 Your spell casting was enhanced by wearing a robe.
 You were fast.
 You were unlucky.
 Shan Lai Ching was angry with you.
 You are dead.

Miscellaneous:
 You encountered 1 bones level.
 Total elapsed playing time was 26 minutes and 8 seconds.

Major events:
 Turn
    1: ArrBianca the lawful female human Monk entered the dungeon
  892: attained the rank of Novice (level 3)
  983: entered the Gnomish Mines
 1854: attained the rank of Initiate (level 6)
 2048: reached Mine Town
 2216: killed by a kobold lady

Spells:
 Name                 Level Category     Fail Retention
 healing                1   healing        0%   81%-90%

Skills:
 Fighting Skills
   martial arts       [Skilled]
 Weapon Skills
   quarterstaff       [Unskilled]
   spear              [Unskilled]
   crossbow           [Unskilled]
   shuriken           [Unskilled]
 Spellcasting Skills
   attack spells      [Unskilled]
   healing spells     [Basic]
   divination spells  [Unskilled]
   enchantment spells [Unskilled]
   clerical spells    [Unskilled]
   escape spells      [Unskilled]
   matter spells      [Unskilled]

Voluntary challenges:
 Character rerolling was not enabled.
 You were vegetarian.
 You never genocided any monsters.
 You never polymorphed an object.
 You never changed form.
 You used no wishes.
Achievements:
 You entered a shop.
 You attained the rank of Novice.
 You entered the Gnomish Mines.
 You attained the rank of Initiate.
 You entered Minetown.
 You entered a temple.

 The Dungeons of Doom: levels 1 to 3
    Level 1:
       An altar to Shan Lai Ching.
    Level 2:
       An armor shop.
    Level 3:
       Stairs down to The Gnomish Mines.
 The Gnomish Mines: levels 4 to 7
    Level 4:
    Level 5:
    Level 6: <- You were here.
       A grave.
       Final resting place for
          you, killed by a kobold lady,
          spody-Wiz-Gno-Mal-Neu, killed by a raven, while frozen by a potion.
    Level 7:
       A temple and an altar, some fountains.


Vanquished creatures:
  a ghost
  a brown pudding
  a gold golem
  a lizard
  a raven
  2 human zombies
  a yellow light
  2 gnome leaders
  2 gnomish wizards
  a kobold mummy
  a gray ooze
  a little dog
  2 dwarves
  2 homunculi
  6 hill orcs
  a centipede
  a giant bat
 an orc zombie
 an iguana
 an acid blob
  3 giant rats
  a cave spider
  a yellow mold
 23 gnomes
  a gnome zombie
  2 geckos
  2 jackals
  a fox
  2 goblins
  a grid bug
  2 bats
  8 lichens
  a kobold zombie
  4 newts
82 creatures vanquished.

No species were genocided or became extinct.

Game over:
                       ----------
                      /          \
                     /    REST    \
                    /      IN      \
                   /     PEACE      \
                  /                  \
                  |    ArrBianca     |
                  |      61 Au       |
                  |   killed by a    |
                  |   kobold lady    |
                  |                  |
                  |                  |
                  |       2026       |
                 *|     *  *  *      | *
        _________)/\\_//(\/(/\)/\//\/|_)_______

Goodbye ArrBianca the Monk...

You died in The Gnomish Mines on dungeon level 6 with 2395 points,
and 61 pieces of gold, after 2216 moves.
You were level 6 with a maximum of 41 hit points when you died.

